AoeStats
← Barón de la Cerveza

Arena

507159794Analyzed
1v1 RM · 17d ago on Sep 16, 2026· 42m 26s· 2 players
Game mode
Random Map
Map size
Tiny (2 player)
Population
200
Speed
Normal
Resources
Standard
Victory
Conquest
Starting age
Dark Age
Ending age
Imperial Age
RankedLock teamsTeams togetherTeam positionsShared explorationLock speedFull tech treeHidden civsTurbo modeCheats
Victory
Defeat
🇲🇦 Mongols · Morocco
1869
+15
🇲🇽 Sicilians · Mexico
1841
-15
Barón de la Cerveza
10:54 Feudal Age
14:53 Castle Age
12:41 Horse Collar
14:26 Double-Bit Axe
26:25 Wheelbarrow
26:32 Wheelbarrow
25:57 Loom
29:34 Imperial Age
27:43 Hand Cart
28:24 Fletching
28:40 Scale Barding Armor
28:47 Heavy Plow
29:05 Bloodlines
28:55 Husbandry
29:26 First Crusade
29:10 Gold Mining
29:10 Stone Mining
30:08 Scale Mail Armor
30:29 Chain Barding Armor
30:15 Town Watch
31:05 Chain Barding Armor
31:17 Chain Mail Armor
31:38 Cavalier
33:20 Plate Barding Armor
33:46 Light Cavalry
34:58 Plate Mail Armor
34:38 Forging
34:00 Capped Ram
35:16 Bodkin Arrow
35:22 Padded Archer Armor
34:53 Crossbowman
36:17 Ballistics
36:58 Chemistry
36:06 Bracer
36:47 Bow Saw
36:11 Arbalester
37:40 Gold Shaft Mining
37:40 Stone Shaft Mining
39:35 Leather Archer Armor
Desert_Prince
9:58 Feudal Age
11:02 Double-Bit Axe
13:39 Castle Age
11:25 Horse Collar
14:32 Bow Saw
23:18 Wheelbarrow
27:02 Imperial Age
25:13 Hand Cart
25:10 Fletching
25:23 Padded Archer Armor
25:32 Heavy Plow
25:30 Stone Mining
25:47 Gold Mining
26:29 Bodkin Arrow
26:49 Leather Archer Armor
27:10 Ballistics
27:07 Scale Barding Armor
27:12 Forging
27:04 Loom
27:05 Town Watch
27:59 Gold Shaft Mining
27:59 Stone Shaft Mining
28:55 Chemistry
27:56 Bracer
28:42 Masonry
28:29 Light Cavalry
29:20 Bloodlines
29:11 Husbandry
30:00 Iron Casting
29:43 Capped Ram
31:09 Conscription
31:20 Chain Barding Armor
33:35 Elite Mangudai
38:21 Blast Furnace
38:16 Leather Archer Armor
38:46 Hussar
Connection lost

Rejoining the realm…

Still unreachable

The connection could not be restored.

Session expired

The server has moved on; the page needs a fresh start.